 Dungeon Crawl Stone Soup version 0.30.1 (webtiles) character file.

Game seed: 16562496035146708163

91 McKennaii the Trooper (level 4, 0/36 HPs)
             Began as a Demonspawn Fighter on July 10, 2023.
             Slain by Grinder (4 damage)
             ... on level 4 of the Dungeon.
             The game lasted 00:02:07 (1471 turns).

McKennaii the Trooper (Demonspawn Fighter)          Turns: 1471, Time: 00:02:08

Health: 0/36       AC: 11    Str: 18    XL:     4   Next: 33%
Magic:  13/13      EV: 14    Int: 10    God:
Gold:   80         SH:  4    Dex: 12    Spells: 3/3 levels left

rFire   . . .        a - +0 trident
rCold   . . .        c - +0 buckler
rNeg    . . .        b - +0 scale mail
rPois   .            r - +0 helmet
rElec   .            (no cloak)
rCorr   .            i - +0 pair of gloves
SInv    .            (no boots)
Will    .....        f - amulet of the acrobat Stlth
                     o - ring of magical power
HPRegen 0.26/turn    (no ring)
MPRegen 0.13/turn

%: acrobat
@: agile
A: hooves 1, slimy green scales 1, powered by pain 1
a: no special abilities


You were on level 4 of the Dungeon.
You visited 1 branch of the dungeon, and saw 3 of its levels.

You collected 80 gold pieces.

Inventory:

Hand Weapons
 a - a +0 trident (weapon)
Armour
 b - a +0 scale mail (worn)
 c - a +0 buckler (worn)
 i - a +0 pair of gloves (worn)
 r - a +0 helmet (worn)
Jewellery
 f - an amulet of the acrobat (around neck)
 o - a ring of magical power (left hand)
Scrolls
 e - 2 scrolls of identify {unknown}
 g - a scroll of torment {unknown}
 h - a scroll of enchant armour {unknown}
 j - a scroll of teleportation {unknown}
 k - a scroll of amnesia {unknown}
 l - a scroll of enchant weapon {unknown}
 q - a scroll of immolation {unknown}
Potions
 d - a potion of might
 m - a potion of attraction {unknown}
 n - a potion of brilliance {unknown}
 p - a potion of curing
 s - a potion of invisibility {unknown}
 t - a potion of ambrosia {unknown}


   Skills:
 + Level 3.6 Fighting
 + Level 2.5 Polearms
 + Level 3.3 Armour
 + Level 3.2 Shields


You had 3 spell levels left.
You didn't know any spells.
Your spell library contained the following spells:

 Spells                   Type           Power      Damage    Failure   Level
 Summon Guardian Golem    Hex/Summ       0%         N/A       99%         3
 Orb of Destruction       Conj           0%         9d5       100%        7
 Spellforged Servitor     Conj/Summ      0%         N/A       100%        7


Dungeon Overview and Level Annotations

Branches:
Dungeon (2/15)

Altars:
Hepliaklqana
Makhleb
Ru
Uskayaw

Shops:
D:1 *

Annotations:
D:4 Grinder


Innate Abilities, Weirdness & Mutations

You have large cloven feet.
You are partially covered in slimy green scales. (AC +2)
You sometimes gain a little power by taking damage.


Message History

Grinder is moderately wounded.
You block Grinder's attack.
You hit Grinder.
Grinder is moderately wounded.
Grinder completely misses you. Grinder gestures at you.
Pain shoots through your body!
You hit Grinder.
Grinder is heavily wounded.
Grinder hits you!
You writhe in agony.
You are too injured to fight recklessly!
You are too injured to fight recklessly!
You are too injured to fight recklessly!
You are too injured to fight recklessly!
You are too injured to fight recklessly!
You are too injured to fight recklessly!
You are too injured to fight recklessly!
You are too injured to fight recklessly!
You are too injured to fight recklessly!
You are too injured to fight recklessly!
You are too injured to fight recklessly!
You are too injured to fight recklessly!
You are too injured to fight recklessly!
You are too injured to fight recklessly!
You are too injured to fight recklessly!
You are too injured to fight recklessly!
You are too injured to fight recklessly!
You are too injured to fight recklessly!
You are too injured to fight recklessly!
You are too injured to fight recklessly!
You are too injured to fight recklessly!
Unknown command.
You hit Grinder but do no damage. You kick Grinder, but do no damage.
Grinder is heavily wounded.
Grinder hits you!
* * * LOW HITPOINT WARNING * * *
You focus on the pain.
You feel agile all of a sudden.
You writhe in agony.
You die...

##.§.......§.##
#.....♣P......#.
......♣...........
..###.........>..
#####≈≈##.............
##⌠#⌠##≈##.............
#≈≈≈§§#≈##...........#
##≈...§#≈##.5#.#.....##
#⌠≈...≈#≈##@##.#.>....#.
##≈.§§.'§§..###........♣
#⌠≈...≈#§#######.###.##♣
##≈..§§#≈# ##.##..# #
#§≈§≈§#≈###.....##
##⌠#§##≈#.......##### ♣♣♣
#####≈≈..#.........####.#.
##§ ##....##...#.....
.........#.......#


You could see Grinder.

Vanquished Creatures
  Robin (D:2)
  2 adders
  A dart slug (D:1)
  4 bats
  6 endoplasms
  5 giant cockroaches
  10 goblins
  8 hobgoblins
  6 jackals
  2 ball pythons
  2 frilled lizards
  3 kobolds
  2 rats (D:1)
52 creatures vanquished.

Notes
Turn   | Place    | Note
-------+----------+-------------------------------------------
     0 | D:1      | McKennaii the Demonspawn Fighter began the quest for the
                  | Orb.
     0 | D:1      | Reached XP level 1. HP: 18/18 MP: 1/1
    67 | D:1      | Gained mutation: You sometimes gain a little power by
                  | taking damage. [demonic ancestry]
    67 | D:1      | Reached XP level 2. HP: 15/24 MP: 2/2
   121 | D:1      | Found Xaulut's General Store.
   249 | D:1      | Found a faded altar of an unknown god.
   622 | D:1      | Gained mutation: You have large cloven feet. [demonic
                  | ancestry]
   622 | D:1      | Reached XP level 3. HP: 29/29 MP: 3/3
  1028 | D:2      | Noticed Robin
  1144 | D:2      | Killed Robin
  1145 | D:2      | Gained mutation: You are partially covered in slimy green
                  | scales. (AC +2) [demonic ancestry]
  1145 | D:2      | Reached XP level 4. HP: 35/35 MP: 4/4
  1369 | D:2      | You fall into a shaft and drop 2 floors!
  1369 | D:4      | Found a hide-covered altar of Uskayaw.
  1403 | D:4      | Found a sacrificial altar of Ru.
  1408 | D:4      | Found a hazy altar of Hepliaklqana.
  1429 | D:4      | Found a burning altar of Makhleb.
  1443 | D:4      | Noticed Grinder
  1471 | D:4      | Slain by Grinder

Illustrated notes

Levels and vault maps discovered:
D:1:      minmay_arrival_nine_rooms, layout_loops_ring,
          chequers_ecumenical_altar_simple, serial_shops, shop
D:2:      layout_basic, roderic_filled_cross, supply_closet_lemuel, uniq_robin
D:4:      cheibrodos_pilgrimage, layout_cave_pools, lightli_temple_of_fire,
          chequers_temple_overflow_statue_of_worship, lemuel_tele_altar,
          serial_forest, infiniplex_forest_side_room,
          infiniplex_forest_end_double, infiniplex_forest_clump_tiny,
          infiniplex_forest_straight_2, infiniplex_forest_clump_large,
          infiniplex_forest_end_3, infiniplex_forest_end_3, uniq_grinder

Skill      XL: |  1  2 |
---------------+-------+-----
Polearms       | 2 |  2.5
Armour         | 3 |  3.3
Shields        | 3 |  3.2
Fighting       | |  3.6

Action                     |  1- 3 |  4- 6 || total
---------------------------+-------+-------++-------
  Melee: Trident           |   145 |    19 ||   164
         Kick              |    15 |     7 ||    22
 Armour: Scale mail        |    60 |     5 ||    65
  Dodge: Dodged            |    70 |    11 ||    81
  Block: Buckler           |    30 |     2 ||    32
